 Dungeon Crawl Stone Soup version 0.17.0-1-g61d176b (webtiles) character file.

126023 HungrySpirit the Shatterer (level 16, -8/84 HPs)
             Began as a Gargoyle Fighter on Nov 7, 2015.
             Was the Champion of Okawaru.
             Killed from afar by a thorn hunter (32 damage)
             ... with a volley of thorns
             ... on level 3 of the Swamp.
             The game lasted 01:18:26 (38108 turns).

HungrySpirit the Shatterer (Gargoyle Fighter)      Turns: 38108, Time: 01:18:27

Health: -8/84      AC: 36    Str: 28    XL:     16   Next: 97%
Magic:  14/14      EV:  4    Int:  8    God:    Okawaru [******]
Gold:   1406       SH:  0    Dex: 12    Spells: 0 memorised, 15 levels left

rFire  + . .     SeeInvis +     J - +2 great mace (crush)
rCold  + + .     Clarity  .     A - +0 plate armour
rNeg   + . .     SustAt   .     (shield currently unavailable)
rPois  ∞         Gourm    .     W - +2 hat {SInv}
rElec  +         Spirit   .     z - +0 cloak "Omuonag" {rElec rPois rC++ Int-2}
rCorr  .         Warding  .     K - +0 pair of gloves {Dex+3}
rMut   .         Stasis   .     M - +2 pair of boots
MR     +....                    o - amulet of faith
Stlth  ..........               u - ring of protection from fire
                                j - +1 ring of slaying

@: somewhat resistant to hostile enchantments, extremely unstealthy
A: big wings, clever 1, frail 2, low mp 1, negative energy resistance 1,
electricity resistance, unbreathing, petrification resistance, rot immunity, AC
+11
a: Fly, Heroism, Finesse, Renounce Religion


You were on level 3 of the Swamp.
You worshipped Okawaru.
Okawaru was exalted by your worship.
You were not hungry.

You visited 5 branches of the dungeon, and saw 31 of its levels.
You also visited: Labyrinth, Ossuary and Bailey.

You collected 2798 gold pieces.
You spent 1392 gold pieces at shops.

Inventory:

Hand Weapons
 v - the +8 whip of Blood-Lust {flame, +Inv rElec Int+4 Stlth-}
   (You found it on level 4 of the Dungeon)

   It has been specially enchanted to burn those struck by it, causing extra
   injury to most foes and up to half again as much damage against particularly
   susceptible opponents.
   It affects your intelligence (+4).
   It insulates you from electricity.
   It lets you turn invisible.
   It makes you less stealthy.
 G - a +1 demon whip of draining
 J - a +2 great mace of crushing (weapon)
Armour
 z - the +0 cloak "Omuonag" (worn) {rElec rPois rC++ Int-2}
   (Okawaru gifted it to you on level 8 of the Lair of Beasts)

   It affects your intelligence (-2).
   It greatly protects you from cold.
   It insulates you from electricity.
   It protects you from poison.
 A - a +0 plate armour (worn)
 K - a +0 pair of gloves of dexterity (worn)
 M - a +2 pair of boots (worn)
 W - a +2 hat of see invisible (worn)
Jewellery
 g - an uncursed ring of protection from magic
 j - a +1 ring of slaying (left hand)
 l - the amulet "Uvaurum" {Spirit rN+ MR+ Str+2 Slay+2}
   (You bought it in a shop on level 4 of the Orcish Mines)

   [amulet of guardian spirit]

   It causes incoming damage to be split between your health and magic.
   It affects your strength (+2).
   It affects your accuracy and damage with ranged weapons and melee attacks
   (+2).
   It protects you from negative energy.
   It affects your resistance to hostile enchantments.
 o - an amulet of faith (around neck)
 r - a +3 ring of slaying
 u - a ring of protection from fire (right hand)
 Y - an uncursed ring of positive energy
Wands
 N - a wand of disintegration (13)
 Q - a wand of digging (14)
Scrolls
 a - 4 scrolls of magic mapping
 f - 2 scrolls of enchant armour
 i - 10 scrolls of remove curse
 k - 11 scrolls of identify
 w - 10 scrolls of teleportation
 x - 3 scrolls of blinking
 y - 2 scrolls of silence
 D - 2 scrolls of amnesia
 I - 4 scrolls of recharging
 L - a scroll of brand weapon
 P - 5 scrolls of fog
 S - a scroll of holy word
Potions
 b - 2 potions of brilliance
 c - 15 potions of curing
 d - 3 potions of might
 h - 3 potions of mutation
 n - a potion of cancellation
 p - 3 potions of heal wounds
 s - a potion of resistance
 B - 4 potions of lignification
 E - 3 potions of ambrosia
 F - a potion of agility
 H - 3 potions of haste
Comestibles
 e - 21 bread rations
 m - a beef jerky
 q - 5 meat rations


   Skills:
 + Level 14.1 Fighting
 * Level 21.6 Maces & Flails
 + Level 14.0 Armour
 + Level 3.0 Dodging
   Level 3.2 Shields


You had 15 spell levels left.
You didn't know any spells.

Dungeon Overview and Level Annotations

Branches:
Dungeon (15/15)            Temple (1/1) D:7            Lair (8/8) D:11
  Swamp (3/4) Lair:5       Spider (0/4) Lair:6        Slime (0/6) Lair:6
    Orc (4/4) D:9             Elf (0/3) Orc:3        Vaults (0/5) D:14
 Depths (0/5) D:15

Altars:
Ashenzari
Cheibriados
Dithmenos
Elyvilon
Fedhas
Gozag
Kikubaaqudgha
Makhleb
Nemelex Xobeh
Okawaru
Qazlal
Ru
Sif Muna
Trog
Vehumet
Xom
Yredelemnul
Zin
The Shining One
Beogh
Jiyva

Shops:
Orc:4 [=?%

Annotations:
D:4 Menkaure
D:11 exclusion: oklob plant
D:15 exclusion: ice statue


Innate Abilities, Weirdness & Mutations

You are resistant to torment.
Your stone body is resilient (AC +11).
You are immune to poison.
Your large and strong wings let you fly indefinitely.
You resist negative energy.
You are resistant to electric shocks.
You can survive without breathing.
You are immune to petrification.
You are immune to rotting.
Your mind is acute. (Int +2)
You are very frail (-20% HP).
Your magical capacity is low (-10% MP).


Message History

Thorny briars emerge from the ground!
The vampire mosquito bites you but does no damage.
You hit the briar patch but do no damage.
The vampire mosquito bites you but does no damage.
The thorn hunter fires a volley of thorns at you.
The volley of thorns hits you!
You bludgeon the briar patch!!
You destroy the briar patch!
The vampire mosquito bites you but does no damage.
The thorn hunter fires a volley of thorns at you.
The volley of thorns hits you! The vampire mosquito barely misses you.
The thorn hunter fires a volley of thorns at you.
The volley of thorns hits you!
* * * LOW HITPOINT WARNING * * *
The vampire mosquito bites you but does no damage.
There is a stone staircase leading up here.
Unknown command.
The thorn hunter fires a volley of thorns at you.
The volley of thorns hits you!
You die...

♣.≈♣.≈ ♣≈ ♣.♣.≈♣♣.≈≈≈. .
♣♣..≈§$≈ ..≈≈ .≈
♣♣..♣..≈♣≈♣≈≈. ≈..
♣.≈.....♣≈≈≈♣.
≈≈≈≈♣PPP≈≈≈♣≈≈≈≈≈≈
./≈≈PP♣P≈.≈≈≈≈≈≈≈≈
≈≈..≈≈≈.
♣...≈≈PP≈..≈≈≈≈≈≈≈
..§..≈§§≈≈.≈..fP@y§.≈♣≈≈≈♣
..≈.≈......♣..≈PP§≈..%♣ ♣
≈≈.≈≈≈.♣≈≈.≈♣.♣PP≈≈♣≈.♣
≈.≈≈≈≈≈≈≈≈.≈≈≈.PP≈♣≈≈♣♣
PPP♣PPPPP≈≈≈≈≈≈≈♣...≈♣
PPPPPPPPP≈♣.≈.≈≈≈≈≈.♣♣
...≈.≈§≈≈≈≈...♣♣≈≈≈>♣
≈≈<<≈.≈≈.≈≈≈≈≈ ♣≈♣≈≈♣
≈≈≈.§≈≈≈≈≈≈♣


You could see a thorn hunter and a vampire mosquito.

Vanquished Creatures
  Rupert (D:14)
  Agnes (D:14)
  An orc warlord (Orc:4)
  An emperor scorpion (D:15)
  Nessos (Lair:8)
  A dire elephant (D:15)
  A vault guard (D:14)
  Snorg (Lair:4)
  A minotaur (Lab)
  Josephine (Orc:2)
  2 centaur warriors
  14 hydras
  5 alligators
  2 tengu warriors (D:13)
  A catoblepas (Lair:3)
  4 orc high priests (Orc:4)
  Urug (D:13)
  Sonja (Orc:3)
  A swamp dragon (Swamp:2)
  4 unseen horrors
  3 orc knights (Orc:4)
  Pikel (D:6)
  A harpy (shapeshifter) (D:11)
  2 griffons
  6 orc sorcerers
  3 hill giants
  A salamander (D:15)
  6 manticores
  13 ugly things
  12 elephants
  2 hornets
  A guardian serpent (shapeshifter) (D:14)
  Maurice (Orc:2)
  6 gargoyles
  Joseph (D:7)
  6 black mambas
  4 yaktaurs (D:15)
  8 kobold demonologists
  25 spiny frogs
  10 komodo dragons
  A fire drake (shapeshifter) (D:14)
  2 freezing wraiths
  A tengu conjurer (D:14)
  6 trolls
  3 fire drakes
  4 giant leeches
  A polar bear (Lair:8)
  A harpy zombie (D:15)
  6 two-headed ogres
  36 slime creatures
  23 blink frogs
  2 bog bodies (Swamp:2)
  2 jumping spiders (Lair:6)
  A shadow (D:11)
  A water elemental (D:11)
  3 trapdoor spiders
  9 wraiths
  2 deep elf magi
  A spriggan (Lair:3)
  33 yaks
  A redback (Lair:6)
  A vampire (D:14)
  3 wyverns
  5 hungry ghosts
  A tarantella (shapeshifter) (D:15)
  13 vampire mosquitoes
  7 hippogriffs
  11 wolves
  2 mottled dragons (D:14)
  3 basilisks
  14 swamp worms
  9 insubstantial wisps (Swamp:2)
  13 water moccasins
  4 wargs
  7 porcupines
  Duvessa (D:7)
  2 necrophages
  A soldier ant (D:12)
  4 swamp drakes
  A black bear (D:13)
  4 slaves (D:6)
  16 ogres
  46 orc warriors
  3 ice beasts
  3 wasps
  An eye of draining (shapeshifter) (D:13)
  18 crocodiles
  4 centaurs
  2 elf zombies (D:8)
  2 earth elementals (Lab)
  31 giant frogs
  5 big kobolds
  A wyvern skeleton (D:14)
  8 scorpions
  A water moccasin skeleton (D:8)
  Dowan (D:7)
  6 killer bees (D:14)
  14 wights
  42 orc priests
  16 crimson imps
  3 quasits
  6 centaur zombies
  11 electric eels
  3 giant frog zombies
  A jelly (D:6)
  6 giant frog skeletons
  3 human zombies (D:8)
  10 hounds
  4 centaur skeletons
  A human skeleton (D:8)
  2 gnoll shamans (D:8)
  5 iguanas
  37 orc wizards
  37 sheep
  8 worker ants
  3 big kobold zombies (Ossuary)
  A hound zombie (D:3)
  8 mummies
  10 gnolls
  7 adders
  94 river rats
  8 shadow imps
  2 white imps (D:13)
  2 adder skeletons
  An adder zombie (D:3)
  4 worms
  9 giant geckos
  295 orcs
  4 ball pythons
  9 bats
  3 giant cockroaches
  5 goblins
  8 hobgoblins
  6 jackals
  32 kobolds
  5 quokkas
  2 giant gecko skeletons
  6 giant newts
  A goblin zombie (D:8)
  3 hobgoblin zombies (Ossuary)
  A jackal skeleton (D:4)
  2 orc skeletons (D:8)
  An orc zombie (D:8)
  2 quokka zombies
  7 rats
  A briar patch (Swamp:3)
  2 plants (Lair:3)
1303 creatures vanquished.

Vanquished Creatures (others)
  A yak (D:14)
  An orc priest (Orc:3)
  A killer bee zombie (D:11)
  2 orc wizards (Orc:3)
  2 orcs
  A kobold (D:12)
  39 fungi
  13 plants
60 creatures vanquished.

Grand Total: 1363 creatures vanquished

Notes
Turn   | Place    | Note
--------------------------------------------------------------
     0 | D:1      | HungrySpirit the Gargoyle Fighter began the quest for the Orb.
     0 | D:1      | Reached XP level 1. HP: 14/14 MP: 1/1
   122 | D:1      | Reached XP level 2. HP: 9/19 MP: 2/2
   632 | D:1      | Reached XP level 3. HP: 21/23 MP: 3/3
  1412 | D:2      | Reached skill level 4 in Maces & Flails
  1667 | D:3      | Reached XP level 4. HP: 25/28 MP: 4/4
  1741 | D:3      | Reached skill level 5 in Maces & Flails
  1741 | D:3      | Reached XP level 5. HP: 28/32 MP: 5/5
  2108 | D:4      | Noticed an ogre
  2109 | D:4      | Noticed Menkaure
  2189 | D:4      | Got a dazzling whip
  2201 | D:3      | Identified the +8 whip of Blood-Lust {flame, +Inv rElec Int+4 Stlth-} (You found it on level 4 of the Dungeon)
  2224 | D:4      | Reached skill level 6 in Maces & Flails
  2240 | D:4      | Reached XP level 6. HP: 37/37 MP: 6/6
  2341 | D:4      | Killed an ogre
  2569 | D:4      | Reached skill level 7 in Maces & Flails
  2905 | D:5      | Entered Level 5 of the Dungeon
  3033 | D:5      | Reached XP level 7. HP: 39/41 MP: 7/7
  3415 | D:5      | Reached skill level 8 in Maces & Flails
  3671 | D:6      | Reached skill level 9 in Maces & Flails
  3689 | D:6      | Reached XP level 8. HP: 40/46 MP: 8/8
  3809 | D:6      | Noticed Pikel
  3818 | D:6      | Killed Pikel
  3818 | D:6      | Reached skill level 11 in Maces & Flails
  3836 | D:6      | Reached XP level 9. HP: 51/51 MP: 9/9
  4278 | D:7      | Reached skill level 12 in Maces & Flails
  4515 | D:7      | Killed an unseen horror
  4675 | D:7      | Noticed Dowan
  4695 | D:7      | Killed Dowan
  4708 | D:7      | Noticed Duvessa
  4729 | D:7      | Killed Duvessa
  4729 | D:7      | Reached skill level 13 in Maces & Flails
  4802 | D:7      | Noticed Joseph
  4813 | D:7      | Killed Joseph
  4813 | D:7      | Reached XP level 10. HP: 46/56 MP: 10/10
  4905 | D:7      | Found a staircase to the Ecumenical Temple.
  4921 | Temple   | Entered the Ecumenical Temple
  5014 | Temple   | Became a worshipper of Warmaster Okawaru
  5538 | D:8      | Reached skill level 14 in Maces & Flails
  5704 | D:8      | Reached * piety under Okawaru
  5728 | D:8      | Found a sand-covered staircase.
  5754 | Ossuary  | Entered an ossuary
  6083 | D:8      | Found an ancient bone altar of Kikubaaqudgha.
  6111 | D:8      | Reached ** piety under Okawaru
  6862 | D:9      | Reached skill level 15 in Maces & Flails
  7057 | D:9      | Found a roughly hewn altar of Beogh.
  7057 | D:9      | Found a staircase to the Orcish Mines.
  7219 | D:9      | Reached *** piety under Okawaru
  7391 | D:9      | Reached XP level 11. HP: 51/61 MP: 11/11
  8201 | D:9      | Gained mutation: Your mind is acute. (Int +2) [potion of mutation]
  8201 | D:9      | Gained mutation: You are frail (-10% HP). [potion of mutation]
  8201 | D:9      | Gained mutation: Your magical capacity is low (-10% MP). [potion of mutation]
  8207 | D:10     | Entered Level 10 of the Dungeon
  8211 | D:10     | Found an opulent altar of Gozag.
  8664 | D:10     | Reached **** piety under Okawaru
  8689 | D:10     | Reached skill level 5 in Armour
  8837 | D:10     | Reached skill level 5 in Fighting
  9140 | D:11     | Noticed an eight-headed hydra
  9423 | D:11     | Reached ***** piety under Okawaru
  9579 | D:11     | Noticed a five-headed hydra
  9587 | D:11     | Killed a five-headed hydra
  9587 | D:11     | Reached skill level 16 in Maces & Flails
  9610 | D:11     | Killed an eight-headed hydra
 10165 | Orc:1    | Entered Level 1 of the Orcish Mines
 10851 | Orc:3    | Noticed Josephine
 10879 | Orc:2    | Killed Josephine
 10879 | Orc:2    | Received a gift from Okawaru
 10879 | Orc:2    | Reached XP level 12. HP: 63/63 MP: 8/10
 10940 | Orc:2    | Noticed Maurice
 10947 | Orc:2    | Killed Maurice
 10956 | Orc:2    | Gained mutation: You are very frail (-20% HP). [a neqoxec]
 10998 | Orc:2    | Found a flagged portal.
 11007 | Bailey   | Entered a bailey
 11056 | Bailey   | Found an iron altar of Okawaru.
 11562 | Orc:2    | Reached ****** piety under Okawaru
 12111 | Orc:3    | Found a staircase to the Elven Halls.
 12144 | Orc:3    | Received a gift from Okawaru
 12303 | Orc:3    | Noticed Sonja
 12721 | Orc:3    | Killed Sonja
 12721 | Orc:3    | Reached skill level 17 in Maces & Flails
 13068 | Orc:4    | Entered Level 4 of the Orcish Mines
 13401 | Orc:4    | Found a roughly hewn altar of Beogh.
 13615 | Orc:4    | Found Ycicarayn's Food Boutique.
 14128 | Orc:4    | Found Ximuk's Magic Scroll Shop.
 14165 | Orc:4    | Bought a scroll of silence for 90 gold pieces
 14165 | Orc:4    | Bought a scroll of teleportation for 36 gold pieces
 14975 | Orc:4    | Reached XP level 13. HP: 53/63 MP: 11/11
 15219 | Orc:4    | Noticed an orc warlord
 15267 | Orc:4    | Killed an orc warlord
 15267 | Orc:4    | Received a gift from Okawaru
 15474 | Orc:4    | Got a smoking chain mail {god gift}
 15475 | Orc:4    | Identified the +1 chain mail of Fortification {Str+2} (Okawaru gifted it to you on level 4 of the Orcish Mines)
 15924 | Orc:4    | Noticed an orc high priest
 15956 | Orc:4    | Killed an orc high priest
 16171 | Orc:4    | Found a roughly hewn altar of Beogh.
 16189 | Orc:4    | Found Noppit's Jewellery Boutique.
 16189 | Orc:4    | Noticed an orc high priest
 16200 | Orc:4    | Killed an orc high priest
 16322 | Orc:4    | Noticed an orc high priest
 16362 | Orc:4    | Killed an orc high priest
 16414 | Orc:4    | Noticed an orc high priest
 16497 | Orc:4    | Killed an orc high priest
 16497 | Orc:4    | Reached skill level 18 in Maces & Flails
 16785 | Orc:4    | Found Plog's Antique Armour Shop.
 16823 | Orc:4    | Bought the amulet "Uvaurum" {Spirit rN+ MR+ Str+2 Slay+2} for 891 gold pieces
 16823 | Orc:4    | Bought an uncursed ring of protection from fire for 375 gold pieces
 17959 | D:11     | Found a stormy altar of Qazlal.
 18106 | D:11     | Found a staircase to the Lair.
 18416 | Lair:1   | Entered Level 1 of the Lair of Beasts
 18836 | Lair:1   | Received a gift from Okawaru
 18836 | Lair:1   | Reached skill level 10 in Fighting
 19109 | Lair:1   | Reached skill level 10 in Armour
 19967 | Lair:2   | You fall through a shaft!
 20123 | Lair:3   | Found a labyrinth entrance.
 20132 | Lab      | Entered a labyrinth
 20364 | Lab      | Received a gift from Okawaru
 20547 | Lab      | Gained mutation: Your large and strong wings let you fly indefinitely. [Gargoyle growth]
 20547 | Lab      | Reached XP level 14. HP: 32/70 MP: 12/12
 21088 | Lab      | Noticed a minotaur
 21098 | Lab      | Killed a minotaur
 21104 | Lab      | Got a coiled turquoise ring
 21107 | Lab      | Identified the ring "Ycuej" {Int+2 Stlth+} (You found it in a labyrinth)
 22489 | Lair:3   | Received a gift from Okawaru
 22489 | Lair:3   | Reached skill level 19 in Maces & Flails
 22946 | Lair:4   | Noticed Snorg
 23119 | Lair:4   | Killed Snorg
 24307 | Lair:5   | Received a gift from Okawaru
 24758 | Lair:5   | Found a staircase to the Swamp.
 25712 | Lair:6   | Found a hole to the Spider Nest.
 25811 | Lair:6   | Found a viscous altar of Jiyva.
 25811 | Lair:6   | Found a staircase to the Slime Pits.
 26680 | Lair:8   | Entered Level 8 of the Lair of Beasts
 27358 | Lair:8   | Received a gift from Okawaru
 27361 | Lair:8   | Got a polished cloak {god gift}
 27382 | Lair:8   | Identified the +0 cloak "Omuonag" {rElec rPois rC++ Int-2} (Okawaru gifted it to you on level 8 of the Lair of Beasts)
 27491 | Lair:8   | Reached XP level 15. HP: 22/76 MP: 13/13
 28215 | Lair:8   | Reached skill level 20 in Maces & Flails
 28224 | Lair:8   | Noticed Nessos
 28266 | Lair:8   | Killed Nessos
 29031 | Lair:8   | Found a snail-covered altar of Cheibriados.
 30782 | D:13     | Received a gift from Okawaru
 30800 | D:13     | Noticed Urug
 30813 | D:13     | Killed Urug
 31819 | D:14     | Received a gift from Okawaru
 31997 | D:14     | Found a gate to the Vaults.
 32035 | D:14     | Noticed Rupert
 32066 | D:15     | Entered Level 15 of the Dungeon
 32175 | D:14     | Paralysed by Rupert for 7 turns
 32527 | D:14     | Paralysed by Rupert for 3 turns
 32535 | D:14     | Killed Rupert
 32535 | D:14     | Received a gift from Okawaru
 32535 | D:14     | Reached XP level 16. HP: 46/83 MP: 12/14
 32858 | D:14     | Noticed Agnes
 32872 | D:14     | Killed Agnes
 33137 | D:15     | Reached skill level 21 in Maces & Flails
 33680 | D:15     | Reached skill level 1 in Dodging
 34492 | D:15     | Found a staircase to the Depths.
 34605 | D:15     | Received a gift from Okawaru
 35239 | Swamp:1  | Entered Level 1 of the Swamp
 37836 | Swamp:3  | Noticed a thorn hunter
 38064 | Swamp:2  | Received a gift from Okawaru
 38108 | Swamp:3  | Killed from afar by a thorn hunter

Action                   |  1- 3 |  4- 6 |  7- 9 | 10-12 | 13-15 | 16-18 || total
-------------------------+-------+-------+-------+-------+-------+-------++-------
Melee: Flail             |   137 |    90 |       |       |       |       ||   227
       Whip              |       |    50 |   250 |  1490 |  2029 |       ||  3819
       Great mace        |       |       |       |       |   310 |   496 ||   806
Invok: Heroism           |       |       |       |    14 |    22 |     2 ||    38
Evoke: Wand              |       |       |       |     2 |    11 |       ||    13
       Phantom mirror    |       |       |       |       |     2 |       ||     2
  Use: Scroll            |     6 |     2 |       |    20 |    16 |     2 ||    46
       Potion            |       |       |     1 |     8 |    13 |       ||    22
 Stab: Invisible         |       |       |       |     2 |     5 |       ||     7
  Eat: Chunk             |     2 |     5 |     6 |    19 |    26 |     9 ||    67
       Beef jerky        |       |       |       |     4 |     3 |       ||     7
       Fruit             |       |       |       |     3 |    11 |       ||    14
       Bread ration      |       |       |       |     1 |       |       ||     1
       Royal jelly       |       |       |       |     1 |       |     1 ||     2
       Pizza             |       |       |       |       |     3 |     2 ||     5
       Meat ration       |       |       |       |       |     4 |     1 ||     5
